 Dungeon Crawl Stone Soup version 0.17.1-2-g5865329 (webtiles) character file.

355 DerHood the Chucker (level 6, 0/39 HPs)
             Began as a Halfling Assassin on Jan 11, 2016.
             Slain by Grinder (4 damage)
             ... on level 3 of the Dungeon.
             The game lasted 00:12:36 (2700 turns).

DerHood the Chucker (Halfling Assassin)             Turns: 2700, Time: 00:12:37

Health: 0/39       AC:  4    Str: 11    XL:     6   Next: 95%
Magic:  6/6        EV: 14    Int: 10    God:
Gold:   120        SH:  0    Dex: 18    Spells: 0 memorised, 5 levels left

rFire  . . .     SeeInvis .     F - +3 quarterstaff (chaos)
rCold  . . .     Clarity  .     x - +1 robe {MR+}
rNeg   . . .     SustAt   .     (shield currently unavailable)
rPois  .         Gourm    .     (no helmet)
rElec  .         Spirit   .     d - +0 cloak
rCorr  .         Warding  .     (no gloves)
rMut   .         Stasis   .     (no boots)
MR     +....                    (no amulet)
Stlth  +++.......               (no ring)
                                (no ring)

@: somewhat resistant to hostile enchantments, fairly stealthy
A: mutation resistance 1
a: no special abilities


You were on level 3 of the Dungeon.
You were not hungry.

You visited 1 branch of the dungeon, and saw 3 of its levels.

You collected 120 gold pieces.

Inventory:

Hand Weapons
 a - a +2 dagger
 b - a +0 blowgun
 F - a +3 quarterstaff of chaos (weapon)
Missiles
 f - 2 curare-tipped needles
 j - 104 stones (quivered)
 m - 25 sling bullets
 H - 5 poisoned needles
Armour
 c - a +0 robe
 d - a +0 cloak (worn)
 x - a +1 robe of magic resistance (worn)
 G - a +1 robe of positive energy
Jewellery
 s - an uncursed ring of magical power {unknown}
 y - an uncursed ring of see invisible {unknown}
Scrolls
 h - a scroll of magic mapping {unknown}
 i - 4 scrolls of identify {unknown}
 l - a scroll of teleportation {unknown}
 o - 3 scrolls of fear {unknown}
 p - a scroll of enchant weapon {unknown}
 q - a scroll of remove curse {unknown}
 r - a scroll of blinking {unknown}
 u - 2 scrolls of recharging {unknown}
 B - a scroll of amnesia {unknown}
 D - a scroll of random uselessness {unknown}
Potions
 e - a potion of might {unknown}
 k - a potion of heal wounds {unknown}
 t - a potion of cancellation {unknown}
 v - 3 potions of ambrosia {unknown}
 w - a potion of resistance {unknown}
 z - a potion of curing {unknown}
 A - a potion of magic {unknown}
 C - a potion of brilliance {unknown}
 E - a potion of agility {unknown}
 J - a potion of degeneration {unknown}
Comestibles
 g - 3 bread rations
 n - 2 meat rations


   Skills:
 - Level 1.7 Fighting
 - Level 2.6 Short Blades
 + Level 0.5 Staves
 * Level 7.4 Throwing
 - Level 1.1 Dodging
 - Level 4.3 Stealth


You had 5 spell levels left.
You didn't know any spells.

Dungeon Overview and Level Annotations

Branches:
Dungeon (3/15)

Altars:
Qazlal
Yredelemnul

Annotations:
D:3 Grinder


Innate Abilities, Weirdness & Mutations

You are small and have problems with some larger weapons.
You are somewhat resistant to further mutation.


Message History

Mmm...
Pepperoni.
Grinder is nearby!
Grinder is nearby!
Grinder gestures at you.
You suddenly lose the ability to move!
Grinder barely misses you. Grinder hits you.
* * * LOW HITPOINT WARNING * * *
Grinder says, "Wait up."
Grinder hits you.
* * * LOW HITPOINT WARNING * * *
You writhe in agony. x2
You can move again.
Unknown command.
You barely miss Grinder.
Grinder is almost dead.
Grinder hits you.
* * * LOW HITPOINT WARNING * * *
You writhe in agony.
You die...

########### #.........#
#####.......5@#
#...'.........+
#.###.........# #.#
#.........# ########### #.#
#.........# #.......... #.#
########### #.......... #[#
########## #.[........
#.######........#######...####
#>.....'........'.....'...'...


You could see Grinder.

Vanquished Creatures
  A human (D:3)
  An orc priest (D:3)
  Crazy Yiuf (D:2)
  Jessica (D:2)
  An orc wizard (D:3)
  3 adders
  4 worms (D:2)
  3 orcs (D:3)
  5 goblins
  8 hobgoblins
  A ball python (D:2)
  8 bats
  6 giant cockroaches
  7 giant geckos
  A giant newt (D:1)
  6 jackals
  A jackal skeleton (D:3)
  3 kobolds
  A kobold skeleton (D:3)
  A kobold zombie (D:3)
  5 rats (D:1)
68 creatures vanquished.

Notes
Turn   | Place    | Note
--------------------------------------------------------------
     0 | D:1      | DerHood the Halfling Assassin began the quest for the Orb.
     0 | D:1      | Reached XP level 1. HP: 14/14 MP: 1/1
   367 | D:1      | Reached XP level 2. HP: 19/19 MP: 2/2
   677 | D:1      | Reached XP level 3. HP: 17/24 MP: 3/3
   931 | D:2      | Found a stormy altar of Qazlal.
   994 | D:2      | Noticed Jessica
  1012 | D:2      | Killed Jessica
  1012 | D:2      | Reached XP level 4. HP: 19/29 MP: 4/4
  1335 | D:2      | Reached skill level 5 in Throwing
  1477 | D:2      | Reached XP level 5. HP: 7/34 MP: 5/5
  1753 | D:2      | Noticed Crazy Yiuf
  1770 | D:2      | Killed Crazy Yiuf
  1980 | D:3      | Reached skill level 6 in Throwing
  2048 | D:3      | Reached XP level 6. HP: 33/39 MP: 6/6
  2224 | D:3      | Found a runed door.
  2224 | D:3      | Noticed a human
  2264 | D:3      | Found a basalt altar of Yredelemnul.
  2367 | D:3      | Killed a human
  2367 | D:3      | Reached skill level 7 in Throwing
  2648 | D:3      | Noticed Grinder
  2694 | D:3      | Paralysed by Grinder for 6 turns
  2700 | D:3      | Slain by Grinder

Action                   |  1- 3 |  4- 6 || total
-------------------------+-------+-------++-------
Melee: Dagger            |    66 |   111 ||   177
       Quarterstaff      |       |    13 ||    13
 Fire: Blowgun           |    18 |    22 ||    40
Throw: Stone             |     1 |       ||     1
 Stab: Sleeping          |     7 |    11 ||    18
       Distracted        |       |     1 ||     1
  Eat: Chunk             |       |     3 ||     3
       Pizza             |       |     1 ||     1
       Beef jerky        |       |     1 ||     1
